 Dungeon Crawl Stone Soup version 0.29.1-13-g9f3cf754e1 (webtiles) character file.

Game seed: 16267181435442687179

8 H0rd4k the Charlatan (level 2, 0/18 HPs)
             Began as an Octopode Artificer on Feb 7, 2023.
             Slain by a gnoll
             ... wielding a +0 spear
              (4 damage)
             ... on level 1 of the Dungeon.
             The game lasted 00:00:17 (325 turns).

H0rd4k the Charlatan (Octopode Artificer)            Turns: 325, Time: 00:00:17

Health: 0/18       AC:  1    Str: 11    XL:     2   Next: 8%
Magic:  3/3        EV: 13    Int: 13    God:
Gold:   22         SH:  0    Dex: 12    Spells: 2/2 levels left

rFire   . . .      SeeInvis .   (no weapon)
rCold   . . .      Faith    .   (no shield)
rNeg    . . .      Spirit   .   (helmet restricted)
rPois   .          Reflect  .   (no amulet)
rElec   .          Harm     .   (no ring)
rCorr   .          Rampage  .   (no ring)
Will    .....                   (no ring)
Stlth   +++.......              (no ring)
HPRegen 0.06/turn               (no ring)
MPRegen 0.08/turn               (no ring)
                                (no ring)
                                (no ring)

@: no status effects
A: almost no armour, amphibious, 8 rings, camouflage 1, gelatinous body 1,
(nimble swimmer 1), tentacles
a: no special abilities


You were on level 1 of the Dungeon.
You visited 1 branch of the dungeon, and saw 1 of its levels.

You collected 22 gold pieces.

Inventory:

Wands
 b - a wand of flame (15) (quivered)
 c - a wand of charming (15)
 d - a wand of iceblast (5)
Scrolls
 a - a scroll of enchant armour {unknown}
Potions
 e - a potion of attraction {unknown}


   Skills:
 * Level 1.5 Fighting
 - Level 2.3 Dodging
 - Level 1.3 Stealth
 + Level 0.2 Unarmed Combat
 * Level 0.9 Spellcasting
 - Level 3.2 Evocations


You had 2 spell levels left.
You didn't know any spells.
Your spell library was empty.

Dungeon Overview and Level Annotations

Branches:
Dungeon (1/15)

Altars:


Innate Abilities, Weirdness & Mutations

You cannot wear most types of armour.
You are amphibious.
You can wear up to eight rings at the same time.
Your skin changes colour to match your surroundings (Stealth+).
Your rubbery body absorbs attacks. (AC +1, EV +1)
((You are camouflaged when in or above water. (Stealth+)))
You have tentacles for arms and can constrict up to eight enemies at once.


Message History

A bat is nearby!
The bat closely misses you. The bat barely misses you.
A bat is nearby!
You closely miss the bat. Your grab misses the bat. The bat barely misses you.
You now have 22 gold pieces (gained 6).
A bat comes into view.
A bat is nearby!
The helpless bat fails to defend itself.
You tentacle-slap the bat.
You kill the bat!
A bat is nearby!
A bat is nearby!
You barely miss the bat. You grab the bat. You constrict the bat.
The bat hits you but does no damage. The bat closely misses you.
A bat is nearby!
You tentacle-slap the bat.
You kill the bat!
A gnoll comes into view. It is wielding a +0 spear.
A gnoll is nearby!
The gnoll shouts!
The gnoll hits you with a +0 spear.
A gnoll is nearby!
You tentacle-slap the gnoll. Your grab misses the gnoll.
The gnoll is lightly wounded.
The gnoll hits you with a +0 spear.
A gnoll is nearby!
You barely miss the gnoll. You grab the gnoll. Your squeeze misses the gnoll.
The gnoll is lightly wounded.
You constrict the gnoll, but do no damage.
The gnoll hits you with a +0 spear.
* * * LOW HITPOINT WARNING * * *
A gnoll is nearby!
You are too injured to fight recklessly!
A gnoll is nearby!
You are too injured to fight recklessly!
A gnoll is nearby!
You tentacle-slap the gnoll.
The gnoll is moderately wounded.
You constrict the gnoll. The gnoll hits you with a +0 spear.
You die...

# #.# .. .. .#..... ####
#.# .. ##.#
#.##########.#
##.###...)......#.#
##......#.#.......###
##.####.....###.....#
#.......#.†......#
#..####.#.###.##.#
..†...#†#...#.##@#
##..#.#.#.#.#.##.g......
#..# #.###.#.##########
#..# #.#.....# ...#
#.....### ####.....###
#######


You could see a gnoll.

Vanquished Creatures
  2 ball pythons (D:1)
  3 bats (D:1)
  An endoplasm (D:1)
  A goblin (D:1)
  A frilled lizard (D:1)
8 creatures vanquished.

Notes
Turn   | Place    | Note
-------+----------+-------------------------------------------
     0 | D:1      | H0rd4k the Octopode Artificer began the quest for the Orb.
     0 | D:1      | Reached XP level 1. HP: 13/13 MP: 1/1
   184 | D:1      | Reached XP level 2. HP: 12/18 MP: 1/3
   325 | D:1      | Slain by a gnoll

Illustrated notes

Levels and vault maps discovered:
D:1:      matt_arrival_diagonals, layout_basic, minmay_cupped

Action                   || total
-------------------------++-------
Melee: Unarmed           ||    22
       Constrict         ||     7
 Stab: Sleeping          ||     4
Armor: Skin              ||     4
Dodge: Dodged            ||    16
